Maple Leafs vs Capitals
Created - October 23, 2017 at 21:28
Goals
|
| Maple Leafs |
1 |
2 |
0 |
0 |
0 |
3 |
| Capitals |
0 |
2 |
1 |
0 |
1 |
4 |
|
Shots
|
| Maple Leafs |
15 |
10 |
7 |
3 |
4 |
35 |
| Capitals |
10 |
15 |
13 |
1 |
4 |
39 |
|
1st period
1. Maple Leafs , Michael Grabner 1 (Braydon Coburn 5) at 19:08
Penalties :
Jamie Benn (Tor) for Hooking (Minor) at 10:32, Paul Martin (Was) for Tripping (Minor) at 14:08
2nd period
2. Capitals , Patrick Marleau 2 (Erik Karlsson 4, Jaromir Jagr 3) at 15:28 (PP)
3. Capitals , Chris Phillips 1 (Christian Ehrhoff 2, Tyler Seguin 5) at 16:45
4. Maple Leafs , Zac Dalpe 1 (Eric Nystrom 1, Ryan Parent 2) at 18:01
5. Maple Leafs , Gilbert Brule 1 (Alexander Frolov 1, Tobias Enstrom 2) at 19:25
Penalties :
Colby Armstrong (Tor) for Tripping (Minor) at 2:36, Gilbert Brule (Tor) for Hooking (Minor) at 6:45, Jamie Benn (Tor) for Holding (Minor) at 12:01, Colby Armstrong (Tor) for Holding (Minor) at 15:15
3rd period
6. Capitals , T.J. Oshie 1 (Chris Kunitz 1, Jay Beagle 2) at 6:57
Penalties :
Alexander Frolov (Tor) for Interference (Minor) at 1:09, Alexander Frolov (Tor) for Hooking (Minor) at 10:23
Overtime #1
No Goal
Penalties :
No Penalty
Shootout
Penalty Shot by Claude Giroux for Maple Leafs - Shot Misses the Net
Penalty Shot by Tyler Seguin for Capitals - Stopped by Marc-André Fleury
Penalty Shot by Gilbert Brule for Maple Leafs - Shot Misses the Net
Penalty Shot by Jaromir Jagr for Capitals - Stopped by Marc-André Fleury
Penalty Shot by Alexander Frolov for Maple Leafs - Shot Misses the Net
Penalty Shot by Artemi Panarin for Capitals - Stopped by Marc-André Fleury
Penalty Shot by Fabian Brunnstrom for Maple Leafs - Stopped by Jake Allen
Penalty Shot by Mats Zuccarello for Capitals - Goal!
Penalties :
No Penalty
Goalie Stats
Marc-André Fleury (Tor), 36 saves from 39 shots - (0.923), OTL, 3-1-1, 65:00 minutes
Jake Allen (Was), 32 saves from 35 shots - (0.914), W, 1-0-0, 65:00 minutes
Players Stats for Maple Leafs
Player Name G A P +/- PIM S H SB GA TA FO MP PP MP PK MP
------------------------------------------------------------------------------------
Alexander Frolov 0 1 1 2 4 1 4 0 1 1 0/1 16:12 1:00 0:38
Blake Comeau 0 0 0 0 0 1 3 2 0 0 0/0 9:11 0:00 1:35
Braydon Coburn 0 1 1 0 0 1 4 0 0 1 0/0 31:43 0:40 7:26
Claude Giroux 0 0 0 0 0 4 1 0 1 1 1/3 25:12 1:00 6:55
Colby Armstrong 0 0 0 -1 4 0 1 0 0 0 0/1 10:28 0:00 0:00
Eric Nystrom 0 1 1 0 0 0 0 1 0 0 0/0 12:42 0:00 4:07
Evgeny Grachev 0 0 0 -1 0 1 1 0 0 0 3/6 10:11 0:00 0:00
Fabian Brunnstrom 0 0 0 -1 0 0 0 1 0 0 0/0 11:10 0:59 0:00
Gilbert Brule 1 0 1 2 2 5 1 0 3 0 7/12 18:45 0:59 3:01
Jamie Benn 0 0 0 0 4 2 1 0 0 1 0/0 14:48 0:00 0:27
John Klingberg 0 0 0 0 0 0 1 0 0 0 0/0 10:28 0:40 0:00
Jordan Staal 0 0 0 0 0 0 2 0 0 1 19/40 25:14 1:00 6:55
Marc-Édouard Vlasic 0 0 0 1 0 2 2 5 1 1 0/0 23:29 1:19 4:41
Michael Grabner 1 0 1 2 0 7 3 0 0 1 1/1 16:47 0:59 0:00
Ryan Parent 0 1 1 1 0 2 0 3 0 1 0/0 22:07 0:00 4:41
Taylor Chorney 0 0 0 0 0 0 0 0 0 0 0/0 9:48 0:00 0:00
Tobias Enstrom 0 1 1 0 0 7 0 1 1 1 0/0 32:25 1:19 7:26
Zac Dalpe 1 0 1 0 0 2 1 0 0 0 2/3 7:06 0:00 0:36
Players Stats for Capitals
Player Name G A P +/- PIM S H SB GA TA FO MP PP MP PK MP
------------------------------------------------------------------------------------
Artemi Panarin 0 0 0 1 0 0 2 0 0 0 1/1 19:41 5:19 0:12
Brian Boyle 0 0 0 -1 0 2 4 1 1 0 1/5 11:48 0:00 0:00
Chris Kunitz 0 1 1 0 0 0 0 0 0 0 0/0 6:16 0:00 0:12
Chris Phillips 1 0 1 0 0 2 2 0 1 0 0/0 11:30 0:18 0:03
Christian Ehrhoff 0 1 1 0 0 0 1 0 0 0 0/0 14:05 0:18 0:40
Dan Boyle 0 0 0 0 0 3 0 0 1 3 0/0 30:34 7:45 1:19
Dougie Hamilton 0 0 0 -1 0 2 0 1 1 1 0/0 21:40 4:04 1:19
Erik Karlsson 0 1 1 0 0 5 1 4 1 0 0/0 29:27 7:45 0:37
Jaromir Jagr 0 1 1 1 0 2 0 1 1 0 1/1 24:21 6:47 1:08
Jay Beagle 0 1 1 0 0 2 0 0 0 0 3/6 8:48 0:59 0:00
Joe Thornton 0 0 0 -1 0 3 3 0 0 0 9/19 22:19 5:03 1:08
Mark Stone 0 0 0 -1 0 0 4 0 0 0 0/1 12:05 0:10 0:00
Mats Zuccarello 0 0 0 -1 0 3 0 0 0 1 1/1 20:23 5:00 0:39
Mike Hoffman 0 0 0 -1 0 3 2 0 0 1 0/1 11:42 0:00 0:00
Patrick Marleau 1 0 1 -1 0 4 2 1 2 1 0/0 21:37 6:03 0:39
Paul Martin 0 0 0 -1 2 2 1 0 1 0 0/0 22:46 4:04 0:00
T.J. Oshie 1 0 1 0 0 2 2 0 0 0 0/0 8:02 0:25 0:00
Tyler Seguin 0 1 1 1 0 4 1 2 0 0 18/32 20:56 6:35 0:00
3 Stars
1 - Michael Grabner (Tor)
2 - T.J. Oshie (Was)
3 - Chris Phillips (Was)
Power Play
Maple Leafs - 0 on 1 Attempt(s) - 0.00%
Capitals - 1 on 7 Attempt(s) - 14.29%
Penalty Kill
Maple Leafs - 6 on 7 Attempt(s) - 85.71%
- Score 0 goal in Penalty Kill
Capitals - 1 on 1 Attempt(s) - 100.00%
- Score 0 goal in Penalty Kill
Team Stat
Maple Leafs - Hits : 25 - Faceoff Wins : 33 - Blocked Shots : 13 - Penalty Minutes : 14
Capitals - Hits : 25 - Faceoff Wins : 34 - Blocked Shots : 10 - Penalty Minutes : 2
Official
Referees : Peel Tim and Joannette Marc
Linesman : David Brisebois and Brad Lazarowich
Game Notes
0:04 of 3rd period - Maple Leafs goal is going for a video replay. After video review, No Goal. The puck has entered the net after making contact with an attacking player’s stick that is above the height of the crossbar.
Finance
Level 1 -- Attendance: 5664 (94.40%) -- Ticket Income $464,448
Level 2 -- Attendance: 4808 (96.16%) -- Ticket Income $225,976
Level 3 -- Attendance: 2000 (100.00%) -- Ticket Income $64,000
Level 4 -- Attendance: 4000 (100.00%) -- Ticket Income $84,000
Luxury Box -- Attendance: 829 (82.90%) -- Ticket Income $139,272
Game was played at the Verizon Center.
Total Attendance: 17301 (96.12%)
Total Ticket Income: $977,696
Other Income: $146,654
Total Income: $1,124,350
Maple Leafs
5 vs 5 Forward
Center Left Wing Right Wing Time % Phy DF OF
1 Jordan Staal Jamie Benn Claude Giroux 40 0 2 3
2 Gilbert Brule Alexander Frolov Michael Grabner 30 0 2 3
3 Evgeny Grachev Fabian Brunnstrom Colby Armstrong 20 0 2 3
4 Zac Dalpe Eric Nystrom Blake Comeau 10 0 3 2
5 vs 5 Defense
Defense Defense Time % Phy DF OF
1 Tobias Enstrom Braydon Coburn 40 0 2 3
2 Ryan Parent Marc-Édouard Vlasic 30 0 2 3
3 John Klingberg Taylor Chorney 20 0 3 2
4 Tobias Enstrom Braydon Coburn 10 0 2 3
PowerPlay Forward
Center Left Wing Right Wing Time % Phy DF OF
1 Jordan Staal Alexander Frolov Claude Giroux 60 0 1 4
2 Gilbert Brule Fabian Brunnstrom Michael Grabner 40 0 2 3
PowerPlay Defense
Defense Defense Time % Phy DF OF
1 Tobias Enstrom Marc-Édouard Vlasic 60 0 2 3
2 John Klingberg Braydon Coburn 40 0 3 2
Penalty Kill 4 Players Forward
Center Wing Time % Phy DF OF
1 Jordan Staal Claude Giroux 60 0 4 1
2 Gilbert Brule Eric Nystrom 40 0 4 1
Penalty Kill 4 Players Defense
Defense Defense Time % Phy DF OF
1 Tobias Enstrom Braydon Coburn 60 0 5 0
2 Ryan Parent Marc-Édouard Vlasic 40 0 5 0
Penalty Kill - 3 Players Forward
Forward Time % Phy DF OF
1 Jordan Staal 60 0 4 1
2 Gilbert Brule 40 0 4 1
Penalty Kill - 3 Players Defense
Defense Defense Time % Phy DF OF
1 Tobias Enstrom Taylor Chorney 60 0 5 0
2 Taylor Chorney Tobias Enstrom 40 0 5 0
4 vs 4 Forward
Center Wing Time % Phy DF OF
1 Jordan Staal Claude Giroux 60 0 2 3
2 Gilbert Brule Michael Grabner 40 0 2 3
4 vs 4 Defense
Defense Defense Time % Phy DF OF
1 Tobias Enstrom Braydon Coburn 60 0 3 2
2 Ryan Parent Marc-Édouard Vlasic 40 0 3 2
Last Minutes Offensive
Center Left Wing Right Wing Defense Defense
Jordan Staal Alexander Frolov Claude Giroux Tobias Enstrom Marc-Édouard Vlasic
Last Minutes Defensive
Center Left Wing Right Wing Defense Defense
Jordan Staal Alexander Frolov Claude Giroux Braydon Coburn Taylor Chorney
Goaltenders
Starting : Marc-André Fleury
Backup : Alex Stalock
Extra Forwards
Normal : Michael Grabner, Eric Nystrom, Blake Comeau - PP : Michael Grabner, Eric Nystrom - PK : Blake Comeau
Extra Defensemen
Normal : John Klingberg, Ryan Parent, Marc-Édouard Vlasic - PP : Ryan Parent - PK : Ryan Parent, Taylor Chorney
Penalty Shots
Claude Giroux, Gilbert Brule, Alexander Frolov, Fabian Brunnstrom, Zac Dalpe
Scratches
None
Capitals
5 vs 5 Forward
Center Left Wing Right Wing Time % Phy DF OF
1 Tyler Seguin Artemi Panarin Jaromir Jagr 40 1 2 2
2 Joe Thornton Patrick Marleau Mats Zuccarello 35 1 2 2
3 Brian Boyle Mike Hoffman Mark Stone 20 1 2 2
4 Jay Beagle Chris Kunitz T.J. Oshie 5 1 2 2
5 vs 5 Defense
Defense Defense Time % Phy DF OF
1 Dan Boyle Erik Karlsson 40 1 3 1
2 Paul Martin Dougie Hamilton 35 1 3 1
3 Chris Phillips Christian Ehrhoff 25 1 3 1
4 Dan Boyle Paul Martin 0 1 3 1
PowerPlay Forward
Center Left Wing Right Wing Time % Phy DF OF
1 Tyler Seguin Patrick Marleau Jaromir Jagr 60 1 2 2
2 Joe Thornton Artemi Panarin Mats Zuccarello 40 1 2 2
PowerPlay Defense
Defense Defense Time % Phy DF OF
1 Dan Boyle Erik Karlsson 60 1 2 2
2 Dougie Hamilton Paul Martin 40 1 2 2
Penalty Kill 4 Players Forward
Center Wing Time % Phy DF OF
1 Joe Thornton Jaromir Jagr 60 1 2 2
2 Patrick Marleau Mats Zuccarello 40 1 2 2
Penalty Kill 4 Players Defense
Defense Defense Time % Phy DF OF
1 Dan Boyle Paul Martin 60 1 2 2
2 Christian Ehrhoff Erik Karlsson 40 1 2 2
Penalty Kill - 3 Players Forward
Forward Time % Phy DF OF
1 Joe Thornton 60 1 2 2
2 Jaromir Jagr 40 1 2 2
Penalty Kill - 3 Players Defense
Defense Defense Time % Phy DF OF
1 Dan Boyle Paul Martin 60 1 2 2
2 Christian Ehrhoff Erik Karlsson 40 1 2 2
4 vs 4 Forward
Center Wing Time % Phy DF OF
1 Joe Thornton Jaromir Jagr 60 1 2 2
2 Patrick Marleau Mats Zuccarello 40 1 2 2
4 vs 4 Defense
Defense Defense Time % Phy DF OF
1 Dan Boyle Paul Martin 60 1 2 2
2 Christian Ehrhoff Erik Karlsson 40 1 2 2
Last Minutes Offensive
Center Left Wing Right Wing Defense Defense
Joe Thornton Patrick Marleau Jaromir Jagr Dan Boyle Paul Martin
Last Minutes Defensive
Center Left Wing Right Wing Defense Defense
Joe Thornton Patrick Marleau Jaromir Jagr Dan Boyle Paul Martin
Goaltenders
Starting : Jake Allen
Backup : Craig Anderson
Extra Forwards
Normal : Jay Beagle, T.J. Oshie, Chris Kunitz - PP : Jay Beagle, T.J. Oshie - PK : Chris Kunitz
Extra Defensemen
Normal : Paul Martin, Erik Karlsson, Christian Ehrhoff - PP : Erik Karlsson - PK : Paul Martin, Dan Boyle
Penalty Shots
Tyler Seguin, Jaromir Jagr, Artemi Panarin, Mats Zuccarello, Patrick Marleau
Scratches
Shane Doan (Healthy)
% Time on Ice - Maple Leafs
Lines # - Real PCT - Wanted PCT - Time Play
Normal Forward
1 - 34% - 40% - 15:38
2 - 30% - 30% - 13:50
3 - 22% - 20% - 10:11
4 - 14% - 10% - 6:15
Normal Defense
1 - 41% - 40% - 18:56
2 - 33% - 30% - 15:05
3 - 21% - 20% - 9:48
4 - 5% - 10% - 2:05
PP Forward
1 - 50% - 60% - 1:00
2 - 50% - 40% - 0:59
PP Defense
1 - 66% - 60% - 1:19
2 - 34% - 40% - 0:40
PK Forward
1 - 66% - 60% - 8:00
2 - 34% - 40% - 4:07
PK Defense
1 - 61% - 60% - 7:26
2 - 39% - 40% - 4:41
PK3 Forward
1 - 0% - 60%
2 - 0% - 40%
PK3 Defense
1 - 0% - 60%
2 - 0% - 40%
44 Forward
1 - 81% - 60% - 4:04
2 - 19% - 40% - 0:56
44 Defense
1 - 53% - 60% - 2:39
2 - 47% - 40% - 2:21
Last Minute Offensive - 0:00
Last Minute Defensive - 0:00
Total
Forward - 65:00
Defense - 65:00
|
% Time on Ice - Capitals
Lines # - Real PCT - Wanted PCT - Time Play
Normal Forward
1 - 32% - 40% - 14:52
2 - 30% - 35% - 13:44
3 - 25% - 20% - 11:42
4 - 12% - 5% - 5:36
Normal Defense
1 - 42% - 40% - 19:09
2 - 35% - 35% - 16:04
3 - 23% - 25% - 10:41
4 - 0% - 0% - 0:00
PP Forward
1 - 56% - 60% - 6:48
2 - 44% - 40% - 5:19
PP Defense
1 - 66% - 60% - 8:03
2 - 34% - 40% - 4:04
PK Forward
1 - 67% - 60% - 1:20
2 - 33% - 40% - 0:39
PK Defense
1 - 69% - 60% - 1:22
2 - 31% - 40% - 0:37
PK3 Forward
1 - 0% - 60%
2 - 0% - 40%
PK3 Defense
1 - 0% - 60%
2 - 0% - 40%
44 Forward
1 - 80% - 60% - 4:00
2 - 20% - 40% - 1:00
44 Defense
1 - 56% - 60% - 2:49
2 - 44% - 40% - 2:11
Last Minute Offensive - 0:00
Last Minute Defensive - 0:00
Total
Forward - 65:00
Defense - 65:00
|
Play by Play
1st period
0:01 of 1st period - Jordan Staal wins face-off versus Tyler Seguin in neutral zone.
0:26 of 1st period - Patrick Marleau is hit by Braydon Coburn and loses puck.
0:58 of 1st period - Slapshot by Paul Martin.
0:58 of 1st period - Shot Blocked by Marc-Édouard Vlasic.
1:00 of 1st period - Slapshot by Paul Martin.
1:00 of 1st period - Shot Blocked by Marc-Édouard Vlasic.
1:02 of 1st period - Slapshot by Dougie Hamilton.
1:02 of 1st period - Stopped by Marc-André Fleury without a rebound.
1:03 of 1st period - Zac Dalpe wins face-off versus Tyler Seguin in Maple Leafs zone.
1:30 of 1st period - Taylor Chorney is hit by Mark Stone.
2:37 of 1st period - Slapshot by Blake Comeau.
2:37 of 1st period - Stopped by Jake Allen without a rebound.
2:38 of 1st period - Joe Thornton wins face-off versus Claude Giroux in Capitals zone.
2:45 of 1st period - Wrist shot by Claude Giroux.
2:45 of 1st period - Shot Misses the Net.
2:54 of 1st period - Off-side.
2:55 of 1st period - Gilbert Brule wins face-off versus Tyler Seguin in neutral zone.
3:05 of 1st period - Snap shot by Tyler Seguin.
3:05 of 1st period - Shot Misses the Net.
3:11 of 1st period - Wrist shot by Michael Grabner.
3:11 of 1st period - Stopped by Jake Allen with a rebound.
3:31 of 1st period - Backhand shot by Jordan Staal.
3:31 of 1st period - Shot Misses the Net.
3:45 of 1st period - Wrist shot by Mats Zuccarello.
3:45 of 1st period - Shot Misses the Net.
3:47 of 1st period - Slapshot by Dan Boyle.
3:47 of 1st period - Shot Misses the Net.
3:49 of 1st period - Slapshot by Erik Karlsson.
3:49 of 1st period - Deflect By Mats Zuccarello.
3:49 of 1st period - Stopped by Marc-André Fleury with a rebound.
3:51 of 1st period - Snap shot by Mats Zuccarello.
3:51 of 1st period - Stopped by Marc-André Fleury without a rebound.
3:52 of 1st period - Tyler Seguin wins face-off versus Jordan Staal in Maple Leafs zone.
3:55 of 1st period - Wrist shot by Tyler Seguin.
3:55 of 1st period - Stopped by Marc-André Fleury with a rebound.
4:18 of 1st period - Claude Giroux is hit by Brian Boyle.
4:44 of 1st period - Chris Phillips is hit by Jordan Staal and loses puck.
4:53 of 1st period - Snap shot by Claude Giroux.
4:53 of 1st period - Stopped by Jake Allen without a rebound.
4:54 of 1st period - Gilbert Brule wins face-off versus Jay Beagle in Capitals zone.
4:59 of 1st period - Wrist shot by Michael Grabner.
4:59 of 1st period - Stopped by Jake Allen with a rebound.
5:09 of 1st period - Snap shot by Gilbert Brule.
5:09 of 1st period - Shot Misses the Net.
5:11 of 1st period - Slapshot by Michael Grabner.
5:11 of 1st period - Stopped by Jake Allen with a rebound.
5:27 of 1st period - Snap shot by Jaromir Jagr.
5:27 of 1st period - Shot Misses the Net.
5:45 of 1st period - Wrist shot by Joe Thornton.
5:45 of 1st period - Stopped by Marc-André Fleury with a rebound.
5:53 of 1st period - Wrist shot by Mats Zuccarello.
5:53 of 1st period - Shot Blocked by Blake Comeau.
6:05 of 1st period - Dan Boyle is hit by Alexander Frolov.
6:21 of 1st period - Braydon Coburn is hit by Mark Stone.
6:30 of 1st period - Gilbert Brule is hit by Mike Hoffman and loses puck.
6:37 of 1st period - Wrist shot by Tobias Enstrom.
6:37 of 1st period - Deflect By Erik Karlsson.
6:37 of 1st period - Stopped by Jake Allen with a rebound.
7:00 of 1st period - Off-side.
7:01 of 1st period - Tyler Seguin wins face-off versus Evgeny Grachev in neutral zone.
7:04 of 1st period - Colby Armstrong is hit by Chris Phillips and loses puck.
7:27 of 1st period - John Klingberg is hit by T.J. Oshie and loses puck.
7:40 of 1st period - Snap shot by Evgeny Grachev.
7:40 of 1st period - Stopped by Jake Allen without a rebound.
7:41 of 1st period - Artemi Panarin wins face-off versus Jordan Staal in Capitals zone.
8:08 of 1st period - Dougie Hamilton is hit by Blake Comeau and loses puck.
8:17 of 1st period - Wrist shot by Ryan Parent.
8:17 of 1st period - Deflect By Zac Dalpe.
8:17 of 1st period - Shot Blocked by Erik Karlsson.
8:17 of 1st period - Puck is out of play.
8:18 of 1st period - Jordan Staal wins face-off versus Joe Thornton in Capitals zone.
8:57 of 1st period - Tyler Seguin is hit by Michael Grabner and loses puck.
9:10 of 1st period - Slapshot by Erik Karlsson.
9:10 of 1st period - Shot Blocked by Marc-Édouard Vlasic.
9:12 of 1st period - Slapshot by Mike Hoffman.
9:12 of 1st period - Shot Blocked by Marc-Édouard Vlasic.
9:14 of 1st period - Slapshot by Erik Karlsson.
9:14 of 1st period - Stopped by Marc-André Fleury with a rebound.
9:16 of 1st period - Snap shot by Mark Stone.
9:16 of 1st period - Shot Misses the Net.
9:38 of 1st period - Slapshot by Marc-Édouard Vlasic.
9:38 of 1st period - Stopped by Jake Allen with a rebound.
9:40 of 1st period - Slapshot by Ryan Parent.
9:40 of 1st period - Stopped by Jake Allen with a rebound.
9:57 of 1st period - Icing by T.J. Oshie.
9:58 of 1st period - Jay Beagle wins face-off versus Jordan Staal in Capitals zone.
10:05 of 1st period - Wrist shot by Jay Beagle.
10:05 of 1st period - Stopped by Marc-André Fleury with a rebound.
10:32 of 1st period - Minor Penalty to Jamie Benn for Hooking.
10:33 of 1st period - Tyler Seguin wins face-off versus Jordan Staal in Maple Leafs zone.
10:59 of 1st period - Braydon Coburn is hit by Joe Thornton and loses puck.
12:04 of 1st period - Icing by Jaromir Jagr.
12:05 of 1st period - Tyler Seguin wins face-off versus Alexander Frolov in Capitals zone.
12:32 of 1st period - Penalty to Jamie Benn is over, Jamie Benn is back on ice.
13:00 of 1st period - Snap shot by Alexander Frolov.
13:00 of 1st period - Stopped by Jake Allen with a rebound.
13:45 of 1st period - Snap shot by Jamie Benn.
13:45 of 1st period - Stopped by Jake Allen with a rebound.
13:55 of 1st period - Taylor Chorney is hit by Mark Stone and loses puck.
14:08 of 1st period - Minor Penalty to Paul Martin for Tripping.
14:09 of 1st period - Jordan Staal wins face-off versus Joe Thornton in Capitals zone.
14:20 of 1st period - Slapshot by Claude Giroux.
14:20 of 1st period - Shot Misses the Net.
14:22 of 1st period - Snap shot by Tobias Enstrom.
14:22 of 1st period - Stopped by Jake Allen with a rebound.
14:24 of 1st period - Snap shot by Tobias Enstrom.
14:24 of 1st period - Stopped by Jake Allen without a rebound.
14:25 of 1st period - Jordan Staal wins face-off versus Joe Thornton in Capitals zone.
15:44 of 1st period - Mats Zuccarello is hit by Michael Grabner.
15:48 of 1st period - Michael Grabner is hit by Patrick Marleau and loses puck.
16:08 of 1st period - Penalty to Paul Martin is over, Paul Martin is back on ice.
16:10 of 1st period - Snap shot by Joe Thornton.
16:10 of 1st period - Stopped by Marc-André Fleury without a rebound.
16:11 of 1st period - Zac Dalpe wins face-off versus Brian Boyle in Maple Leafs zone.
16:11 of 1st period - Zac Dalpe is hit by Mark Stone.
16:43 of 1st period - Snap shot by Eric Nystrom.
16:43 of 1st period - Shot Misses the Net.
17:01 of 1st period - Snap shot by Blake Comeau.
17:01 of 1st period - Shot Blocked by Brian Boyle.
17:03 of 1st period - Wrist shot by Eric Nystrom.
17:03 of 1st period - Deflect By Zac Dalpe.
17:03 of 1st period - Stopped by Jake Allen without a rebound.
17:04 of 1st period - Tyler Seguin wins face-off versus Jordan Staal in Capitals zone.
18:32 of 1st period - Wrist shot by Jordan Staal.
18:32 of 1st period - Shot Blocked by Tyler Seguin.
18:34 of 1st period - Wrist shot by Jamie Benn.
18:34 of 1st period - Shot Misses the Net.
18:52 of 1st period - Slapshot by Joe Thornton.
18:52 of 1st period - Stopped by Marc-André Fleury with a rebound.
19:04 of 1st period - Braydon Coburn is hit by Brian Boyle.
19:08 of 1st period - Slapshot by Michael Grabner.
19:08 of 1st period - Goal by Michael Grabner - Maple Leafs : 1 - Capitals : 0.
19:09 of 1st period - Tyler Seguin wins face-off versus Jordan Staal in neutral zone.
19:36 of 1st period - Jaromir Jagr is hit by Colby Armstrong.
19:42 of 1st period - Backhand shot by Dan Boyle.
19:42 of 1st period - Stopped by Marc-André Fleury with a rebound.
Goals for this period are 1 for Maple Leafs vs 0 for Capitals.
Shots for this period are 15 for Maple Leafs vs 10 for Capitals.
2nd period
0:01 of 2nd period - Jordan Staal wins face-off versus Joe Thornton in neutral zone.
0:08 of 2nd period - Slapshot by Claude Giroux.
0:08 of 2nd period - Stopped by Jake Allen without a rebound.
0:09 of 2nd period - Claude Giroux wins face-off versus Joe Thornton in Capitals zone.
0:30 of 2nd period - Snap shot by Jordan Staal.
0:30 of 2nd period - Deflect By Claude Giroux.
0:30 of 2nd period - Shot Blocked by Erik Karlsson.
0:30 of 2nd period - Puck is out of play.
0:31 of 2nd period - Gilbert Brule wins face-off versus Tyler Seguin in Capitals zone.
0:34 of 2nd period - Backhand shot by Gilbert Brule.
0:34 of 2nd period - Shot Blocked by Jaromir Jagr.
0:44 of 2nd period - Wrist shot by Alexander Frolov.
0:44 of 2nd period - Shot Misses the Net.
1:29 of 2nd period - Snap shot by Mike Hoffman.
1:29 of 2nd period - Stopped by Marc-André Fleury without a rebound.
1:30 of 2nd period - Gilbert Brule wins face-off versus Mark Stone in Maple Leafs zone.
1:33 of 2nd period - Slapshot by Dan Boyle.
1:33 of 2nd period - Shot Blocked by Ryan Parent.
1:47 of 2nd period - Wrist shot by Gilbert Brule.
1:47 of 2nd period - Stopped by Jake Allen with a rebound.
2:19 of 2nd period - Off-side.
2:20 of 2nd period - Mats Zuccarello wins face-off versus Evgeny Grachev in neutral zone.
2:36 of 2nd period - Minor Penalty to Colby Armstrong for Tripping.
2:37 of 2nd period - Tyler Seguin wins face-off versus Claude Giroux in Maple Leafs zone.
2:49 of 2nd period - Wrist shot by Tyler Seguin.
2:49 of 2nd period - Stopped by Marc-André Fleury without a rebound.
2:50 of 2nd period - Tyler Seguin wins face-off versus Jordan Staal in Maple Leafs zone.
2:57 of 2nd period - Wrist shot by Tyler Seguin.
2:57 of 2nd period - Shot Misses the Net.
2:59 of 2nd period - Wrist shot by Erik Karlsson.
2:59 of 2nd period - Stopped by Marc-André Fleury with a rebound.
3:01 of 2nd period - Slapshot by Dan Boyle.
3:01 of 2nd period - Stopped by Marc-André Fleury with a rebound.
3:03 of 2nd period - Slapshot by Erik Karlsson.
3:03 of 2nd period - Shot Misses the Net.
3:05 of 2nd period - Snap shot by Tyler Seguin.
3:05 of 2nd period - Shot Misses the Net.
3:22 of 2nd period - Off-side.
3:23 of 2nd period - Joe Thornton wins face-off versus Gilbert Brule in neutral zone.
3:26 of 2nd period - Snap shot by Paul Martin.
3:26 of 2nd period - Deflect By Eric Nystrom.
3:26 of 2nd period - Stopped by Marc-André Fleury without a rebound.
3:27 of 2nd period - Joe Thornton wins face-off versus Jordan Staal in Maple Leafs zone.
3:32 of 2nd period - Wrist shot by Artemi Panarin.
3:32 of 2nd period - Shot Blocked by Ryan Parent.
3:34 of 2nd period - Slapshot by Dougie Hamilton.
3:34 of 2nd period - Stopped by Marc-André Fleury without a rebound.
3:35 of 2nd period - Tyler Seguin wins face-off versus Jordan Staal in Maple Leafs zone.
3:48 of 2nd period - Slapshot by Dan Boyle.
3:48 of 2nd period - Stopped by Marc-André Fleury with a rebound.
3:50 of 2nd period - Slapshot by Erik Karlsson.
3:50 of 2nd period - Shot Misses the Net.
4:24 of 2nd period - Tyler Seguin is hit by Jordan Staal and loses puck.
4:36 of 2nd period - Penalty to Colby Armstrong is over, Colby Armstrong is back on ice.
4:42 of 2nd period - Icing by Marc-Édouard Vlasic.
4:43 of 2nd period - Evgeny Grachev wins face-off versus Brian Boyle in Maple Leafs zone.
4:59 of 2nd period - Ryan Parent is hit by Mike Hoffman and loses puck.
6:16 of 2nd period - Taylor Chorney is hit by Christian Ehrhoff and loses puck.
6:43 of 2nd period - Snap shot by Erik Karlsson.
6:43 of 2nd period - Stopped by Marc-André Fleury with a rebound.
6:45 of 2nd period - Minor Penalty to Gilbert Brule for Hooking.
6:46 of 2nd period - Tyler Seguin wins face-off versus Jordan Staal in Maple Leafs zone.
7:07 of 2nd period - Tyler Seguin is hit by Braydon Coburn and loses puck.
8:35 of 2nd period - Eric Nystrom is hit by Artemi Panarin and loses puck.
8:45 of 2nd period - Penalty to Gilbert Brule is over, Gilbert Brule is back on ice.
8:59 of 2nd period - Slapshot by Gilbert Brule.
8:59 of 2nd period - Stopped by Jake Allen without a rebound.
9:00 of 2nd period - Jay Beagle wins face-off versus Gilbert Brule in Capitals zone.
9:19 of 2nd period - Christian Ehrhoff is hit by Alexander Frolov and loses puck.
10:07 of 2nd period - Slapshot by Fabian Brunnstrom.
10:07 of 2nd period - Shot Blocked by Tyler Seguin.
10:39 of 2nd period - Paul Martin is hit by Zac Dalpe and loses puck.
10:48 of 2nd period - Slapshot by Jay Beagle.
10:48 of 2nd period - Shot Misses the Net.
11:57 of 2nd period - Snap shot by Mats Zuccarello.
11:57 of 2nd period - Stopped by Marc-André Fleury without a rebound.
11:58 of 2nd period - Jordan Staal wins face-off versus Joe Thornton in Maple Leafs zone.
11:58 of 2nd period - Jordan Staal is hit by Patrick Marleau.
12:01 of 2nd period - Minor Penalty to Jamie Benn for Holding.
12:02 of 2nd period - Jordan Staal wins face-off versus Tyler Seguin in Maple Leafs zone.
12:07 of 2nd period - Icing by Patrick Marleau.
12:08 of 2nd period - Jordan Staal wins face-off versus Tyler Seguin in Capitals zone.
12:41 of 2nd period - Icing by Tyler Seguin.
12:42 of 2nd period - Joe Thornton wins face-off versus Gilbert Brule in Capitals zone.
13:06 of 2nd period - Off-side.
13:07 of 2nd period - Jordan Staal wins face-off versus Tyler Seguin in neutral zone.
13:19 of 2nd period - Off-side.
13:20 of 2nd period - Jordan Staal wins face-off versus Tyler Seguin in neutral zone.
13:23 of 2nd period - Snap shot by Braydon Coburn.
13:23 of 2nd period - Shot Misses the Net.
13:29 of 2nd period - Snap shot by Jaromir Jagr.
13:29 of 2nd period - Stopped by Marc-André Fleury with a rebound.
13:33 of 2nd period - Slapshot by Erik Karlsson.
13:33 of 2nd period - Shot Blocked by Tobias Enstrom.
13:35 of 2nd period - Slapshot by Patrick Marleau.
13:35 of 2nd period - Stopped by Marc-André Fleury with a rebound.
14:01 of 2nd period - Penalty to Jamie Benn is over, Jamie Benn is back on ice.
14:09 of 2nd period - Slapshot by Tobias Enstrom.
14:09 of 2nd period - Shot Misses the Net.
14:32 of 2nd period - Icing by Tobias Enstrom.
14:33 of 2nd period - Jay Beagle wins face-off versus Gilbert Brule in Maple Leafs zone.
15:15 of 2nd period - Minor Penalty to Colby Armstrong for Holding.
15:16 of 2nd period - Jordan Staal wins face-off versus Tyler Seguin in Maple Leafs zone.
15:26 of 2nd period - Slapshot by Erik Karlsson.
15:26 of 2nd period - Shot Blocked by Marc-Édouard Vlasic.
15:28 of 2nd period - Snap shot by Patrick Marleau.
15:28 of 2nd period - Deflect By Claude Giroux.
15:28 of 2nd period - Goal by Patrick Marleau - Maple Leafs : 1 - Capitals : 1.
15:29 of 2nd period - Tyler Seguin wins face-off versus Jordan Staal in neutral zone.
15:29 of 2nd period - Tyler Seguin is hit by Jamie Benn.
16:02 of 2nd period - Snap shot by Gilbert Brule.
16:02 of 2nd period - Shot Misses the Net.
16:08 of 2nd period - Tobias Enstrom is hit by Joe Thornton and loses puck.
16:25 of 2nd period - Mike Hoffman is hit by Braydon Coburn.
16:41 of 2nd period - Snap shot by Artemi Panarin.
16:41 of 2nd period - Deflect By Tyler Seguin.
16:41 of 2nd period - Stopped by Marc-André Fleury with a rebound.
16:43 of 2nd period - Slapshot by Christian Ehrhoff.
16:43 of 2nd period - Shot Misses the Net.
16:45 of 2nd period - Slapshot by Chris Phillips.
16:45 of 2nd period - Goal by Chris Phillips - Maple Leafs : 1 - Capitals : 2.
16:46 of 2nd period - Jordan Staal wins face-off versus Tyler Seguin in neutral zone.
17:01 of 2nd period - Slapshot by Ryan Parent.
17:01 of 2nd period - Shot Misses the Net.
17:03 of 2nd period - Slapshot by Ryan Parent.
17:03 of 2nd period - Stopped by Jake Allen with a rebound.
17:13 of 2nd period - Marc-Édouard Vlasic is hit by Joe Thornton and loses puck.
17:34 of 2nd period - Ryan Parent is hit by Brian Boyle and loses puck.
17:39 of 2nd period - Wrist shot by Brian Boyle.
17:39 of 2nd period - Shot Misses the Net.
17:59 of 2nd period - Snap shot by Eric Nystrom.
17:59 of 2nd period - Shot Misses the Net.
18:01 of 2nd period - Snap shot by Zac Dalpe.
18:01 of 2nd period - Goal by Zac Dalpe - Maple Leafs : 2 - Capitals : 2.
18:02 of 2nd period - Jordan Staal wins face-off versus Tyler Seguin in neutral zone.
18:13 of 2nd period - Slapshot by Claude Giroux.
18:13 of 2nd period - Stopped by Jake Allen with a rebound.
18:15 of 2nd period - Slapshot by Tobias Enstrom.
18:15 of 2nd period - Stopped by Jake Allen with a rebound.
18:17 of 2nd period - Slapshot by Tobias Enstrom.
18:17 of 2nd period - Stopped by Jake Allen with a rebound.
18:19 of 2nd period - Slapshot by Braydon Coburn.
18:19 of 2nd period - Stopped by Jake Allen without a rebound.
18:20 of 2nd period - Gilbert Brule wins face-off versus Joe Thornton in Capitals zone.
18:21 of 2nd period - Snap shot by Alexander Frolov.
18:21 of 2nd period - Shot Misses the Net.
18:23 of 2nd period - Slapshot by Tobias Enstrom.
18:23 of 2nd period - Shot Blocked by Erik Karlsson.
19:23 of 2nd period - Slapshot by Tobias Enstrom.
19:23 of 2nd period - Shot Misses the Net.
19:25 of 2nd period - Snap shot by Alexander Frolov.
19:25 of 2nd period - Deflect By Gilbert Brule.
19:25 of 2nd period - Goal by Gilbert Brule - Maple Leafs : 3 - Capitals : 2.
19:26 of 2nd period - Tyler Seguin wins face-off versus Jordan Staal in neutral zone.
19:29 of 2nd period - Taylor Chorney is hit by Paul Martin and loses puck.
19:56 of 2nd period - Snap shot by Mike Hoffman.
19:56 of 2nd period - Stopped by Marc-André Fleury without a rebound.
19:57 of 2nd period - Jordan Staal wins face-off versus Brian Boyle in Maple Leafs zone.
Goals for this period are 2 for Maple Leafs vs 2 for Capitals.
Shots for this period are 10 for Maple Leafs vs 15 for Capitals.
3rd period
0:01 of 3rd period - Jordan Staal wins face-off versus Tyler Seguin in neutral zone.
0:04 of 3rd period - Slapshot by Tobias Enstrom.
0:04 of 3rd period - Maple Leafs goal is going for a video replay.
0:04 of 3rd period - The goal is refused. The puck has entered the net after making contact with an attacking player’s stick that is above the height of the crossbar..
0:05 of 3rd period - Tyler Seguin wins face-off versus Jordan Staal in Capitals zone.
0:14 of 3rd period - Artemi Panarin is hit by Claude Giroux and loses puck.
0:19 of 3rd period - Wrist shot by Claude Giroux.
0:19 of 3rd period - Shot Misses the Net.
0:21 of 3rd period - Wrist shot by Claude Giroux.
0:21 of 3rd period - Stopped by Jake Allen without a rebound.
0:22 of 3rd period - Gilbert Brule wins face-off versus Joe Thornton in Capitals zone.
0:31 of 3rd period - Wrist shot by Michael Grabner.
0:31 of 3rd period - Stopped by Jake Allen without a rebound.
0:32 of 3rd period - Joe Thornton wins face-off versus Gilbert Brule in Capitals zone.
0:32 of 3rd period - Joe Thornton is hit by Alexander Frolov.
1:09 of 3rd period - Minor Penalty to Alexander Frolov for Interference.
1:10 of 3rd period - Tyler Seguin wins face-off versus Jordan Staal in Maple Leafs zone.
1:14 of 3rd period - Snap shot by Patrick Marleau.
1:14 of 3rd period - Stopped by Marc-André Fleury with a rebound.
1:16 of 3rd period - Wrist shot by Patrick Marleau.
1:16 of 3rd period - Stopped by Marc-André Fleury without a rebound.
1:17 of 3rd period - Jordan Staal wins face-off versus Tyler Seguin in Maple Leafs zone.
1:28 of 3rd period - Tobias Enstrom is hit by Tyler Seguin and loses puck.
3:09 of 3rd period - Penalty to Alexander Frolov is over, Alexander Frolov is back on ice.
3:16 of 3rd period - Braydon Coburn is hit by Brian Boyle and loses puck.
3:56 of 3rd period - Slapshot by Jordan Staal.
3:56 of 3rd period - Shot Blocked by Dougie Hamilton.
3:58 of 3rd period - Slapshot by Marc-Édouard Vlasic.
3:58 of 3rd period - Deflect By Jordan Staal.
3:58 of 3rd period - Shot Misses the Net.
3:58 of 3rd period - Puck is out of play.
3:59 of 3rd period - Evgeny Grachev wins face-off versus Jay Beagle in Capitals zone.
4:14 of 3rd period - Slapshot by T.J. Oshie.
4:14 of 3rd period - Stopped by Marc-André Fleury without a rebound.
4:15 of 3rd period - Tyler Seguin wins face-off versus Zac Dalpe in Maple Leafs zone.
4:24 of 3rd period - Slapshot by Tyler Seguin.
4:24 of 3rd period - Shot Misses the Net.
4:26 of 3rd period - Snap shot by Tyler Seguin.
4:26 of 3rd period - Stopped by Marc-André Fleury with a rebound.
4:28 of 3rd period - Wrist shot by Tyler Seguin.
4:28 of 3rd period - Shot Blocked by Blake Comeau.
4:36 of 3rd period - Braydon Coburn is hit by Erik Karlsson and loses puck.
5:08 of 3rd period - Wrist shot by Mike Hoffman.
5:08 of 3rd period - Stopped by Marc-André Fleury without a rebound.
5:09 of 3rd period - Gilbert Brule wins face-off versus Mike Hoffman in Maple Leafs zone.
5:30 of 3rd period - Chris Phillips is hit by Marc-Édouard Vlasic and loses puck.
6:01 of 3rd period - Snap shot by Mark Stone.
6:01 of 3rd period - Shot Misses the Net.
6:03 of 3rd period - Snap shot by Chris Phillips.
6:03 of 3rd period - Stopped by Marc-André Fleury without a rebound.
6:04 of 3rd period - Tyler Seguin wins face-off versus Jordan Staal in Maple Leafs zone.
6:57 of 3rd period - Slapshot by T.J. Oshie.
6:57 of 3rd period - Goal by T.J. Oshie - Maple Leafs : 3 - Capitals : 3.
6:58 of 3rd period - Jaromir Jagr wins face-off versus Jordan Staal in neutral zone.
7:09 of 3rd period - Jaromir Jagr is hit by Marc-Édouard Vlasic and loses puck.
7:24 of 3rd period - Erik Karlsson is hit by Alexander Frolov and loses puck.
7:34 of 3rd period - Icing by Dan Boyle.
7:35 of 3rd period - Joe Thornton wins face-off versus Jordan Staal in Capitals zone.
8:19 of 3rd period - Gilbert Brule is hit by Artemi Panarin and loses puck.
8:34 of 3rd period - Slapshot by Jaromir Jagr.
8:34 of 3rd period - Stopped by Marc-André Fleury with a rebound.
8:36 of 3rd period - Snap shot by Jaromir Jagr.
8:36 of 3rd period - Shot Misses the Net.
8:38 of 3rd period - Slapshot by Erik Karlsson.
8:38 of 3rd period - Stopped by Marc-André Fleury without a rebound.
8:39 of 3rd period - Jordan Staal wins face-off versus Joe Thornton in Maple Leafs zone.
8:48 of 3rd period - Wrist shot by John Klingberg.
8:48 of 3rd period - Shot Blocked by Patrick Marleau.
8:54 of 3rd period - Snap shot by Paul Martin.
8:54 of 3rd period - Stopped by Marc-André Fleury without a rebound.
8:55 of 3rd period - Jordan Staal wins face-off versus Brian Boyle in Maple Leafs zone.
10:09 of 3rd period - Slapshot by Gilbert Brule.
10:09 of 3rd period - Stopped by Jake Allen with a rebound.
10:23 of 3rd period - Minor Penalty to Alexander Frolov for Hooking.
10:24 of 3rd period - Tyler Seguin wins face-off versus Jordan Staal in Maple Leafs zone.
12:23 of 3rd period - Penalty to Alexander Frolov is over, Alexander Frolov is back on ice.
12:34 of 3rd period - Wrist shot by Jamie Benn.
12:34 of 3rd period - Stopped by Jake Allen without a rebound.
12:35 of 3rd period - Brian Boyle wins face-off versus Colby Armstrong in Capitals zone.
12:35 of 3rd period - Brian Boyle is hit by John Klingberg.
12:57 of 3rd period - Mark Stone is hit by Evgeny Grachev and loses puck.
13:08 of 3rd period - Backhand shot by Christian Ehrhoff.
13:08 of 3rd period - Shot Misses the Net.
13:10 of 3rd period - Wrist shot by Brian Boyle.
13:10 of 3rd period - Shot Misses the Net.
13:12 of 3rd period - Slapshot by Brian Boyle.
13:12 of 3rd period - Stopped by Marc-André Fleury with a rebound.
13:14 of 3rd period - Snap shot by Brian Boyle.
13:14 of 3rd period - Shot Blocked by Fabian Brunnstrom.
13:16 of 3rd period - Wrist shot by Brian Boyle.
13:16 of 3rd period - Stopped by Marc-André Fleury without a rebound.
13:17 of 3rd period - Tyler Seguin wins face-off versus Jordan Staal in Maple Leafs zone.
14:08 of 3rd period - Chris Kunitz is hit by Blake Comeau and loses puck.
14:15 of 3rd period - Eric Nystrom is hit by T.J. Oshie and loses puck.
15:04 of 3rd period - Mats Zuccarello is hit by Gilbert Brule and loses puck.
15:13 of 3rd period - Wrist shot by Gilbert Brule.
15:13 of 3rd period - Stopped by Jake Allen without a rebound.
15:14 of 3rd period - Evgeny Grachev wins face-off versus Tyler Seguin in Capitals zone.
16:07 of 3rd period - Slapshot by Erik Karlsson.
16:07 of 3rd period - Shot Blocked by Eric Nystrom.
16:09 of 3rd period - Snap shot by Erik Karlsson.
16:09 of 3rd period - Stopped by Marc-André Fleury with a rebound.
16:49 of 3rd period - Claude Giroux is hit by Chris Phillips.
16:55 of 3rd period - Slapshot by Tobias Enstrom.
16:55 of 3rd period - Stopped by Jake Allen without a rebound.
16:56 of 3rd period - Joe Thornton wins face-off versus Evgeny Grachev in Capitals zone.
Goals for this period are 0 for Maple Leafs vs 1 for Capitals.
Shots for this period are 7 for Maple Leafs vs 13 for Capitals.
Overtime #1
0:01 of 1st overtime period - Jordan Staal wins face-off versus Joe Thornton in neutral zone.
0:43 of 1st overtime period - Wrist shot by Eric Nystrom.
0:43 of 1st overtime period - Shot Misses the Net.
0:45 of 1st overtime period - Slapshot by Ryan Parent.
0:45 of 1st overtime period - Shot Blocked by Erik Karlsson.
0:49 of 1st overtime period - Slapshot by Ryan Parent.
0:49 of 1st overtime period - Deflect By Eric Nystrom.
0:49 of 1st overtime period - Shot Misses the Net.
0:49 of 1st overtime period - Puck is out of play.
0:50 of 1st overtime period - Michael Grabner wins face-off versus Jay Beagle in Capitals zone.
1:03 of 1st overtime period - Slapshot by Eric Nystrom.
1:03 of 1st overtime period - Shot Misses the Net.
1:05 of 1st overtime period - Slapshot by Marc-Édouard Vlasic.
1:05 of 1st overtime period - Stopped by Jake Allen with a rebound.
1:07 of 1st overtime period - Slapshot by Michael Grabner.
1:07 of 1st overtime period - Stopped by Jake Allen with a rebound.
1:21 of 1st overtime period - Slapshot by Michael Grabner.
1:21 of 1st overtime period - Stopped by Jake Allen without a rebound.
1:22 of 1st overtime period - Joe Thornton wins face-off versus Jordan Staal in Capitals zone.
2:56 of 1st overtime period - Slapshot by Jay Beagle.
2:56 of 1st overtime period - Stopped by Marc-André Fleury with a rebound.
3:05 of 1st overtime period - Icing by Tobias Enstrom.
3:06 of 1st overtime period - Joe Thornton wins face-off versus Jordan Staal in Maple Leafs zone.
3:29 of 1st overtime period - Snap shot by Erik Karlsson.
3:29 of 1st overtime period - Shot Blocked by Ryan Parent.
3:41 of 1st overtime period - Christian Ehrhoff is hit by Michael Grabner.
4:16 of 1st overtime period - Jay Beagle is hit by Braydon Coburn and loses puck.
4:27 of 1st overtime period - Jay Beagle is hit by Blake Comeau and loses puck.
Goals for this period are 0 for Maple Leafs vs 0 for Capitals.
Shots for this period are 3 for Maple Leafs vs 1 for Capitals.
ShootOut
5:00 of 1st overtime period - Penalty Shot by Claude Giroux for Maple Leafs.
5:00 of 1st overtime period - Snap shot by Claude Giroux.
5:00 of 1st overtime period - Shot Misses the Net.
5:00 of 1st overtime period - Penalty Shot by Tyler Seguin for Capitals.
5:00 of 1st overtime period - Wrist shot by Tyler Seguin.
5:00 of 1st overtime period - Stopped by Marc-André Fleury.
5:00 of 1st overtime period - Penalty Shot by Gilbert Brule for Maple Leafs.
5:00 of 1st overtime period - Snap shot by Gilbert Brule.
5:00 of 1st overtime period - Shot Misses the Net.
5:00 of 1st overtime period - Penalty Shot by Jaromir Jagr for Capitals.
5:00 of 1st overtime period - Wrist shot by Jaromir Jagr.
5:00 of 1st overtime period - Stopped by Marc-André Fleury.
5:00 of 1st overtime period - Penalty Shot by Alexander Frolov for Maple Leafs.
5:00 of 1st overtime period - Backhand shot by Alexander Frolov.
5:00 of 1st overtime period - Shot Misses the Net.
5:00 of 1st overtime period - Penalty Shot by Artemi Panarin for Capitals.
5:00 of 1st overtime period - Snap shot by Artemi Panarin.
5:00 of 1st overtime period - Stopped by Marc-André Fleury.
5:00 of 1st overtime period - Penalty Shot by Fabian Brunnstrom for Maple Leafs.
5:00 of 1st overtime period - Wrist shot by Fabian Brunnstrom.
5:00 of 1st overtime period - Stopped by Jake Allen.
5:00 of 1st overtime period - Penalty Shot by Mats Zuccarello for Capitals.
5:00 of 1st overtime period - Snap shot by Mats Zuccarello.
5:00 of 1st overtime period - Goal by Mats Zuccarello.
Back to the Top